 Dungeon Crawl Stone Soup version 0.13.1-22-g086cdba (webtiles) character file.

445 Kae the Insei (level 5, -1/40 HPs)
             Began as a Draconian Transmuter on Dec 31, 2013.
             Slain by a centaur (8 damage)
             ... on Level 4 of the Dungeon.
             The game lasted 00:03:16 (3132 turns).

Kae the Insei (Draconian Transmuter)                Turns: 3132, Time: 00:03:17

HP  -1/40        AC 10     Str 12      XL: 5   Next: 27%
MP   6/7         EV 12     Int 14      God:
Gold 273         SH  0     Dex 12      Spells:  1 memorised,  7 levels left

Res.Fire  : . . .   See Invis. : .     - Unarmed
Res.Cold  : + . .   Warding    : .   (armour unavailable)
Life Prot.: . . .   Conserve   : .   (no shield)
Res.Poison: .       Res.Corr.  : .   (helmet restricted)
Res.Elec. : .       Clarity    : .   (no cloak)
Sust.Abil.: . .     Spirit.Shd : .   (no gloves)
Res.Mut.  : .       Stasis     : .   e - +1 pair of dwarf boots (curse)
Res.Rott. : .       Flight     : .   (no amulet)
Saprovore : . . .                    v - +3 ring of protection
                                     x - ring of protection from cold

@: appendage, slightly resistant to hostile enchantments, unstealthy
A: unfitting armour, horns 2, AC +5
a: End Transformation


You were on level 4 of the Dungeon.
You were not hungry.
You had grown temporary horns.
You visited 1 branch of the dungeon, and saw 4 of its levels.

You collected 253 gold pieces.

Inventory:

Missiles
 b - 12 arrows
Armour
 e - a cursed +1 pair of dwarven boots (worn)
Magical devices
 t - a wand of enslavement (20)
Comestibles
 a - 4 bread rations
 g - 4 meat rations
 p - a chunk of worker ant flesh
 r - 2 pears
Scrolls
 c - 2 scrolls of recharging
 m - 3 scrolls of identify
 n - 4 scrolls of remove curse {unknown}
 o - 2 scrolls of curse armour {unknown}
Jewellery
 j - an uncursed ring of magical power
 u - an uncursed ring of fire
 v - a +3 ring of protection (right hand)
 x - a ring of protection from cold (left hand)
Potions
 f - 2 potions of brilliance {unknown}
 h - a potion of slowing {unknown}
 i - a potion of heal wounds {unknown}
 k - a potion of agility {unknown}
 l - a potion of might
 w - a potion of berserk rage {unknown}
Books
 d - a book of Changes

   Spells                             Type                      Level
   *Beastly Appendage                 Transmutation                1
   Sticks to Snakes                   Transmutation                2
   Spider Form                        Transmutation/Poison         3
   Ice Form                           Ice/Transmutation            4
   Blade Hands                        Transmutation                5


   Skills:
 - Level 1.1 Fighting
 - Level 1.7 Dodging
 * Level 5.2 Unarmed Combat
 - Level 2.0 Spellcasting
 + Level 3.5 Transmutations


You had 7 spell levels left.
You knew the following spells:

 Your Spells              Type           Power        Failure   Level  Hunger
a - Beastly Appendage     Trmt           ##....       6%          1    ##.....


Dungeon Overview and Level Annotations

Branches:
Dungeon (4/27)
 Temple: D:4-7

Altars:
Yredelemnul


Innate Abilities, Weirdness & Mutations

Your plain brown scales are hard (AC +5).
Your body does not fit into most forms of armour.
Your cold-blooded metabolism reacts poorly to cold.
You have a pair of horns on your head.


Message History

The centaur shoots an arrow.
The arrow misses you.
The centaur shoots an arrow.
The arrow hits you! The adder barely misses you.
Found a fuming pink potion.
You see here an arrow.
The centaur unwields an uncursed bow.
The centaur hits you but does no damage.
The adder bites you but does no damage.
Casting: Beastly Appendage
Confirm with . or Enter, or press ? or * to list all spells.
You grow a pair of large bovine horns.
The centaur completely misses you. The adder bites you.
* * * LOW HITPOINT WARNING * * *
The centaur barely misses you. The adder barely misses you.
The centaur barely misses you. The adder closely misses you.
You hit the centaur.
The centaur is moderately wounded.
The centaur closely misses you. The adder closely misses you.
The centaur hits you!
You die...

#####.######.##.#..#...,,,,,,,*,*
# #........##.#..#..#**,***,*,* #
#........#.....#..#**,***,,,*
#........#....#...,,,,,,,,,,*
##.......#.#..#..#***********
#####.............*
#.......(......#,,#
#.###.###((..S.#..# #....(#
#(..(@c...#** #######
#.#.#.......# *,,,#..........#!#
*** *,*?...#..^.##.#,***<*
*,#....#....#*,#,,,*,*
*,#.#........,,*,*,*,*
*,,.##........,,,,,*,*
*****.......#.**,***,*
***,,,...#.*,,,,,**,*


You could see a centaur and an adder.

Vanquished Creatures
  A worker ant (D:4)
  Jessica (D:3)
  3 adders
  3 giant mites
  2 worms
  2 giant geckos
  An ooze (D:1)
  3 orcs (D:3)
  3 ball pythons
  10 giant cockroaches
  4 hobgoblins
  3 jackals (D:4)
  A quokka (D:2)
  2 bats (D:2)
  4 giant newts
  8 goblins
  5 kobolds
  2 kobold skeletons (D:4)
  An orc skeleton (D:4)
  12 rats
71 creatures vanquished.

Notes
Turn   | Place    | Note
--------------------------------------------------------------
     0 | D:1      | Kae, the Draconian Transmuter, began the quest for the Orb.
     0 | D:1      | Reached XP level 1. HP: 16/16 MP: 1/1
    94 | D:1      | Reached XP level 2. HP: 7/23 MP: 0/3
   951 | D:2      | Reached XP level 3. HP: 15/28 MP: 4/4
  1272 | D:2      | Reached skill level 4 in Unarmed Combat
  1666 | D:2      | Found a basalt altar of Yredelemnul.
  2030 | D:3      | Noticed Jessica
  2039 | D:3      | Killed Jessica
  2039 | D:3      | Reached XP level 4. HP: 27/35 MP: 4/6
  2751 | D:4      | Reached XP level 5. HP: 37/40 MP: 5/7
  2753 | D:4      | Reached skill level 5 in Unarmed Combat
  3123 | D:4      | Noticed a centaur
  3132 | D:4      | Slain by a centaur

Action                   |  1- 3 |  4- 6 || total
-------------------------+-------+-------++-------
Melee: Unarmed           |   151 |   144 ||   295
 Cast: Beastly Appendage |     4 |     2 ||     6
Evoke: Wand              |       |     2 ||     2
  Use: Scroll            |       |    10 ||    10
 Stab: Sleeping          |       |     1 ||     1
